Map: [ESL] Solaris

Players

ByuN - Winner!

  • Race: Terran Terran
  • Spawn Location: 7:00

LiquidClem (Clem)

  • Race: Terran Terran
  • League: Master
  • Spawn Location: 1:00

VOD

Have the link to the VOD?

Description

Time

  • Played on: Nov. 28, 2023, 7:59 a.m.
  • Length: 13:49
Show
View Real Time Build Order
Export as new Build Order

ByuN Terran - Winner!

Build Orders:  

Get SALT Encoding   

  12  0:01  SCV  
  13  0:13  SCV  
  14  0:18  Supply Depot  
  14  0:25  SCV  
  15  0:39  SCV  
  15  0:41  Barracks  
  16  0:43  Refinery  
  16  0:51  SCV  
  16  0:53  Refinery  
  17  1:03  SCV  
  18  1:15  SCV  
  19  1:28  Orbital Command, Reaper  
  19  1:32  Supply Depot  
  20  1:41  Factory  
  20  1:53  SCV  
  21  2:00  Barracks Reactor  
  21  2:05  SCV  
  22  2:18  Command Center  
  22  2:19  SCV  
  23  2:25  Hellion  
  25  2:31  Supply Depot  
  25  2:32  SCV  
  25  2:36  Reaper  
  25  2:37  Reaper  
  28  2:46  SCV, Hellion  
  31  2:55  Starport  
  31  2:59  SCV  
  32  3:08  Reaper  
  32  3:09  Reaper  
  32  3:10  Hellion  
  32  3:12  SCV  
  37  3:20  Refinery  
  37  3:24  SCV  
  37  3:36  SCV  
  37  3:40  Starport Tech Lab, Marine x2, Factory Tech Lab  
  39  3:43  Orbital Command  
  39  3:48  SCV  
  40  3:58  Marine  
  40  3:59  Siege Tank  
  40  4:00  Raven  
  40  4:02  SCV  
  47  4:07  Marine  
  45  4:12  SCV  
  45  4:16  Marine  
  44  4:18  SCV  
  45  4:24  SCV  
  45  4:25  Supply Depot  
  45  4:30  SCV  
  47  4:32  Supply Depot, Siege Tank  
  47  4:34  Marine x2  
  47  4:36  Raven  
  54  4:40  SCV  
  54  4:42  SCV  
  54  4:52  SCV  
  55  4:53  Marine x2  
  55  4:54  SCV  
  57  5:04  Siege Tank, SCV  
  57  5:06  SCV  
  62  5:11  Marine x2  
  62  5:13  Liberator  
  67  5:16  SCV  
  67  5:18  SCV  
  67  5:20  Supply Depot x2  
  69  5:29  SCV  
  69  5:31  SCV  
  69  5:33  Marine  
  70  5:41  SCV, Marine  
  70  5:42  Siege Tank  
  75  5:43  SCV  
  75  5:44  Supply Depot  
  75  5:46  Command Center  
  71  5:51  Marine  
  71  5:53  SCV  
  71  5:55  SCV  
  62  6:05  SCV  
  62  6:07  SCV  
  62  6:10  Starport Reactor  
  64  6:12  Barracks  
  64  6:17  SCV  
  65  6:18  Barracks  
  65  6:19  SCV, Marine  
  65  6:20  Siege Tank, Stimpack  
  65  6:24  Engineering Bay  
  70  6:26  Engineering Bay  
  70  6:31  Refinery  
  70  6:39  SCV x2  
  72  6:40  Marine  
  72  6:42  Barracks x2  
  73  6:48  Supply Depot  
  73  6:51  SCV x2  
  75  6:54  Siege Tank, Starport Reactor  
  75  6:56  Terran Infantry Weapons Level 1, Terran Infantry Armor Level 1  
  75  6:58  Marine  
  79  7:02  Marine x2  
  79  7:03  Orbital Command  
  81  7:13  SCV x2  
  81  7:14  Missile Turret  
  83  7:15  Marine x2  
  83  7:16  Marine  
  83  7:19  Armory  
  83  7:22  Marine x2  
  87  7:23  Missile Turret  
  88  7:32  Orbital Command, SCV x2, Barracks Reactor x2  
  88  7:33  Marine x2  
  88  7:34  Marine  
  88  7:36  Medivac x2  
  97  7:40  Siege Tank  
  97  7:44  SCV x2, Marine x2, Missile Turret  
  100  7:51  Marine x3  
  103  7:56  SCV  
  104  7:59  SCV  
  104  8:00  Combat Shield  
  104  8:01  SCV  
  104  8:05  Supply Depot, Marine x2  
  106  8:06  Supply Depot  
  106  8:08  SCV, Refinery  
  106  8:09  Marine x3, Refinery  
  106  8:11  SCV, Marine x2  
  106  8:12  Marine x2  
  117  8:14  Terran Vehicle Weapons Level 1  
  117  8:21  Sensor Tower  
  117  8:25  Supply Depot  
  117  8:26  Supply Depot, SCV x2  
  119  8:30  SCV  
  117  8:38  SCV x2  
  117  8:39  Marine  
  117  8:40  Marine x7  
  117  8:41  Siege Tank, Marine  
  120  8:44  SCV  
  124  8:50  SCV x2  
  124  8:52  Terran Infantry Armor Level 2  
  126  8:56  Terran Infantry Weapons Level 2  
  126  8:57  Marine x2  
  126  8:58  Marine  
  126  9:01  Marine  
  126  9:02  Marine x3  
  133  9:05  Marine  
  133  9:06  Supply Depot  
  133  9:08  Supply Depot  
  134  9:13  Siege Tank  
  134  9:14  Supply Depot  
  137  9:19  Marine x2, Medivac x2  
  137  9:20  Marine x6  
  149  9:27  Marine  
  149  9:28  Supply Depot x2  
  150  9:37  Marine  
  151  9:40  Marine x5  
  149  9:45  Marine x2  
  149  9:46  Marine  
  149  9:49  Medivac x2  
  149  9:52  Siege Tank  
  156  9:55  Marine  
  156  9:57  Marine  
  156  9:58  Marine  
  142  10:00  Marine x3  
  142  10:03  Marine  
  142  10:05  Marine x2  
  141  10:13  Marine  
  135  10:15  Marine x2  
  135  10:17  Marine x2  
  135  10:18  Marine  
  135  10:21  Marine  
  115  10:23  Marine x2  
  115  10:24  Siege Tank  
  115  10:29  Medivac  
  115  10:30  Marine  
  115  10:33  Marine x2  
  115  10:35  Marine  
  117  10:38  Marine x2  
  117  10:39  Marine, Command Center  
  117  10:41  Marine  
  120  10:48  Marine  
  120  10:51  Marine x2  
  120  10:52  SCV, Barracks  
  120  10:53  Barracks  
  120  10:54  Barracks  
  120  10:56  Siege Tank  
  120  10:57  SCV, Barracks Reactor  
  127  10:59  SCV  
  127  11:00  Marine  
  127  11:01  Marine x4  
  133  11:06  Marine  
  133  11:07  SCV  
  133  11:09  SCV  
  133  11:11  SCV  
  137  11:12  Terran Infantry Armor Level 3  
  137  11:18  Marine  
  137  11:19  Marine x4  
  137  11:20  Marine  
  137  11:24  Marine  
  143  11:28  Siege Tank  
  143  11:30  Marine  
  129  11:33  Marine x2  
  129  11:36  Marine  
  129  11:37  Marine x4  
  129  11:38  Marine  
  135  11:42  Marine, Barracks Reactor x2  
  135  11:43  Barracks Reactor  
  135  11:46  SCV x3  
  137  11:48  Marine  
  137  11:55  Medivac x2  
  137  12:00  Siege Tank  
  144  12:02  Orbital Command  
  144  12:04  Marine x5  
  149  12:10  Marine x5  
  154  12:22  Marine x2  
  156  12:25  Medivac x2  
  160  12:33  Siege Tank  
  160  12:36  Supply Depot, Factory  
  163  12:37  Marine  
  163  12:38  Marine x12  
  163  12:41  Marine x2  
  178  12:45  Marine  
  176  12:55  Marine, Medivac x2  
  176  12:56  Marine x12  
  193  12:59  Marine x2  
  194  13:07  Marine  
  191  13:17  Marine  
  191  13:18  Marine x14  
  191  13:25  Marine  
  171  13:46  Command Center  
Show
View Real Time Build Order
Export as new Build Order

LiquidClem Terran 

Build Orders: Cyclone Opening 

Get SALT Encoding   

  12  0:01  SCV  
  13  0:13  SCV  
  14  0:17  Supply Depot  
  14  0:25  SCV  
  15  0:38  SCV  
  15  0:41  Barracks  
  16  0:42  Refinery  
  16  0:50  SCV  
  16  0:52  Refinery  
  17  1:03  SCV  
  18  1:15  SCV  
  19  1:27  Reaper  
  19  1:28  Orbital Command  
  19  1:31  Supply Depot  
  20  1:42  Factory  
  20  1:53  SCV  
  21  2:00  Barracks Reactor  
  21  2:05  SCV  
  22  2:18  SCV, Command Center  
  23  2:25  Cyclone  
  25  2:30  SCV  
  26  2:37  Reaper x2  
  26  2:42  Supply Depot, SCV  
  29  2:53  Starport  
  29  2:54  SCV  
  30  3:06  SCV  
  31  3:15  Cyclone  
  31  3:16  Cyclone, Refinery  
  31  3:18  SCV  
  36  3:24  Barracks Tech Lab  
  36  3:30  SCV  
  36  3:32  Orbital Command  
  36  3:37  Medivac  
  38  3:43  SCV  
  38  3:47  Cyclone  
  41  3:50  Cyclone  
  43  3:57  SCV  
  43  3:58  SCV  
  45  4:09  SCV  
  45  4:10  SCV  
  45  4:13  Supply Depot  
  46  4:17  Raven  
  46  4:20  Cyclone  
  46  4:21  SCV  
  46  4:22  SCV  
  52  4:25  Cyclone  
  52  4:29  Barracks Tech Lab, Supply Depot  
  54  4:35  SCV x2  
  53  4:47  Interference Matrix, SCV  
  53  4:49  Command Center  
  53  4:51  Raven  
  56  4:53  SCV  
  56  4:58  Cyclone  
  56  4:59  SCV  
  60  5:02  Cyclone  
  60  5:05  Supply Depot  
  63  5:07  SCV  
  63  5:12  SCV  
  63  5:13  Stimpack  
  63  5:14  Barracks  
  64  5:18  Barracks  
  64  5:20  SCV  
  65  5:21  Marine  
  65  5:24  SCV  
  65  5:27  Supply Depot  
  67  5:32  SCV  
  66  5:36  SCV, Cyclone  
  66  5:39  Marine  
  66  5:40  Raven  
  72  5:44  SCV  
  72  5:48  SCV, Cyclone  
  70  5:56  SCV  
  66  6:00  SCV  
  66  6:01  Engineering Bay  
  66  6:02  Engineering Bay  
  66  6:03  Orbital Command  
  66  6:04  Refinery  
  65  6:06  Marine  
  65  6:08  SCV  
  67  6:12  Barracks Reactor  
  67  6:19  SCV  
  67  6:22  Starport Reactor  
  67  6:24  SCV, Barracks  
  67  6:25  Barracks  
  69  6:27  Orbital Command  
  69  6:30  Terran Infantry Weapons Level 1, Terran Infantry Armor Level 1  
  69  6:31  SCV, Marine  
  71  6:34  Marine  
  71  6:37  SCV, Marine  
  71  6:39  Siege Tank  
  77  6:43  SCV  
  78  6:49  SCV  
  78  6:51  Marine x2, Missile Turret  
  78  6:52  Missile Turret  
  78  6:53  Marine x2  
  83  6:54  SCV  
  83  6:55  SCV, Marine  
  83  7:01  SCV  
  83  7:06  SCV  
  83  7:07  SCV, Viking  
  87  7:09  Marine x2, Medivac  
  87  7:11  Marine  
  87  7:13  SCV  
  93  7:16  Marine  
  93  7:18  Combat Shield, SCV  
  93  7:20  SCV, Marine  
  97  7:25  SCV  
  97  7:26  Supply Depot  
  97  7:27  Marine x2  
  100  7:30  SCV  
  100  7:31  Supply Depot  
  100  7:35  SCV  
  100  7:37  SCV  
  101  7:44  Supply Depot  
  101  7:47  SCV x2, Marine, Siege Tank  
  101  7:48  Refinery  
  101  7:49  SCV, Refinery  
  108  7:52  Marine  
  108  7:53  Sensor Tower  
  108  7:57  Marine  
  108  7:58  Marine  
  110  7:59  Supply Depot  
  110  8:00  SCV x2  
  110  8:01  Supply Depot, SCV, Marine  
  110  8:05  Medivac x2  
  116  8:08  Marine  
  116  8:09  Marine  
  116  8:12  SCV x2  
  122  8:15  Marine, Armory  
  122  8:17  Marine, Factory  
  122  8:19  SCV  
  125  8:20  Marine  
  125  8:24  Siege Tank  
  125  8:26  Marine  
  130  8:28  SCV  
  130  8:30  Marine  
  130  8:33  Marine  
  134  8:35  Supply Depot, Marine  
  134  8:38  Marine  
  134  8:40  Medivac  
  130  8:42  Medivac  
  130  8:43  Marine  
  128  8:50  Command Center  
  128  8:52  Marine  
  129  8:56  Marine x2  
  129  8:57  Siege Tank  
  134  9:02  Marine  
  134  9:04  Supply Depot, Terran Infantry Weapons Level 2  
  134  9:05  Terran Infantry Armor Level 2  
  134  9:09  Barracks Reactor  
  136  9:10  Marine, Barracks Reactor  
  136  9:12  Siege Tank  
  136  9:13  Marine  
  136  9:14  Marine  
  136  9:16  Missile Turret  
  141  9:17  Marine  
  141  9:20  Supply Depot, Marine, Terran Vehicle Weapons Level 1  
  141  9:24  Viking  
  145  9:28  Marine  
  145  9:31  Siege Tank, Marine x2  
  146  9:35  Marine  
  146  9:38  SCV  
  152  9:39  SCV  
  152  9:40  SCV, Marine  
  152  9:45  Siege Tank, Marine  
  140  9:46  Marine x3  
  140  9:47  Marine  
  140  9:48  Medivac  
  140  9:49  Marine  
  140  9:50  SCV  
  140  9:51  Marine  
  139  9:54  Medivac  
  139  9:56  Marine  
  139  9:58  Marine  
  135  10:03  Marine x3  
  135  10:04  Marine  
  135  10:05  Siege Tank, Marine  
  135  10:06  Marine  
  135  10:09  Marine  
  135  10:14  Marine  
  125  10:16  Marine  
  125  10:18  Siege Tank, Medivac  
  125  10:21  Marine x2  
  117  10:24  Marine  
  117  10:27  Marine, Viking  
  117  10:28  Marine x3  
  120  10:30  SCV  
  120  10:31  Marine  
  120  10:34  Marine  
  121  10:37  Siege Tank  
  121  10:38  SCV  
  121  10:39  Marine x2  
  121  10:42  Marine  
  128  10:45  Marine  
  128  10:46  Marine x2  
  128  10:47  Sensor Tower  
  128  10:49  Marine  
  133  10:50  SCV, Siege Tank  
  133  10:52  Refinery  
  133  10:53  Marine, Refinery  
  133  10:54  SCV  
  133  10:56  Barracks Reactor  
  138  10:57  Marine  
  138  10:58  SCV  
  138  11:03  Liberator  
  138  11:04  SCV, Missile Turret  
  145  11:08  Planetary Fortress  
  145  11:09  Marine x5  
  145  11:10  SCV  
  150  11:12  Marine x2  
  150  11:14  SCV  
  150  11:18  Siege Tank, Marine  
  149  11:23  Viking  
  148  11:26  Marine  
  148  11:27  Marine  
  148  11:30  Marine  
  148  11:31  Marine x3  
  137  11:35  Siege Tank  
  137  11:38  Marine x2  
  140  11:41  SCV  
  140  11:42  SCV  
  140  11:45  Marine x3  
  145  11:47  Marine  
  145  11:48  Marine  
  146  11:56  Marine  
  147  12:05  Siege Tank  
  147  12:07  Sensor Tower  
  150  12:09  Marine x4  
  150  12:13  Marine  
  155  12:27  Starport, Command Center  
  155  12:31  Siege Tank  
  158  12:37  Siege Tank, Marine  
  158  12:38  Marine x4  
  158  12:39  Marine  
  158  12:41  Supply Depot  
  158  12:44  Viking  
  169  12:46  Marine  
  169  12:48  Supply Depot  
  169  12:49  Marine  
  171  12:53  Missile Turret  
  171  12:56  Marine  
  171  12:58  Marine x2  
  174  13:02  SCV  
  174  13:03  SCV  
  172  13:06  Siege Tank  
  157  13:12  Marine  
  157  13:15  Siege Tank, Marine x4  
  157  13:16  Marine x3  
  157  13:17  Marine x2  
  147  13:30  Marine  
  117  13:36  SCV  
Tags
 
League
Master
Matchup
TvT
Player
ByuNClem
Race
Terran
Replay Pack
December 2023
Spawn Locations
Cross Positions
Add a new tag
Caveats
  • Supply blocks, unpowered buildings, or Contaminate may cause inaccurate times.
  • Supply counts are checked every 10 seconds.